 Dungeon Crawl Stone Soup version 0.29-a0-96-g93358da72b (webtiles) character file.

Game seed: 4111391692128054750

1294 cyrus the Cudgeller (level 8, -2/73 HPs)
             Began as a Naga Fighter on Feb 11, 2022.
             Was a Priest of Lugonu.
             Slain by a bone dragon (24 damage)
             ... summoned by Lugonu's corruption
             ... on level 6 of the Dungeon.
             The game lasted 00:19:49 (8265 turns).

cyrus the Cudgeller (Naga Fighter)                  Turns: 8265, Time: 00:19:50

Health: -2/73      AC: 10    Str: 21    XL:     8   Next: 56%
Magic:  17/17      EV:  4    Int: 11    God:    Lugonu [***...]
Gold:   331        SH:  4    Dex: 10    Spells: 7/7 levels left

rFire   . . .      SeeInvis +   n - +8 mace of Zocw {vamp, rN+ MP+9 Int+2}
rCold   . . .      Faith    .   c - +0 buckler
rNeg    + . .      Spirit   .   q - +0 plate armour
rPois   +          Reflect  .   (no helmet)
rElec   .          Harm     .   (no cloak)
rCorr   .          Rampage  .   (no gloves)
Will    +....                   (no barding)
Stlth   ..........              (no amulet)
HPRegen 0.22/turn               (no ring)
MPRegen 0.15/turn               (no ring)

@: studying Staves, very slow
A: AC +2, large, see invisible, deformed body, poison resistance, slowness 2,
spit poison 1, naga tail 1
a: Spit Poison, Renounce Religion, Depart the Abyss, Bend Space, Banish


You were on level 6 of the Dungeon.
You worshipped Lugonu.
Lugonu was most pleased with you.
You visited 2 branches of the dungeon, and saw 7 of its levels.
You also visited: Sewer.

You collected 367 gold pieces.
You spent 36 gold pieces at shops.

Inventory:

Hand Weapons
 a - a +0 long sword
 n - the +8 mace of Zocw (weapon) {vamp, rN+ MP+9 Int+2}
   (You took it off a kobold on level 2 of the Dungeon)

   It occasionally heals its wielder for a portion of the damage dealt when it
   wounds a living foe.
   Int:       It affects your intelligence (+2).
   rN:        It protects you from negative energy.
   MP:        It affects your magic capacity (+9).
 x - a +0 trident
Armour
 b - a +0 scale mail
 c - a +0 buckler (worn)
 q - a +0 plate armour (worn)
 s - a +0 robe
Jewellery
 g - a ring of protection from fire
 o - a ring of fire
 A - a ring of resist corrosion
Wands
 u - a wand of iceblast (18)
 y - a wand of paralysis (2)
Scrolls
 d - a scroll of holy word {unknown}
 j - 3 scrolls of identify {unknown}
 k - a scroll of vulnerability {unknown}
 p - a scroll of silence {unknown}
 t - a scroll of magic mapping {unknown}
 w - 2 scrolls of blinking
 z - a scroll of torment {unknown}
Potions
 e - 2 potions of invisibility {unknown}
 f - a potion of haste {unknown}
 h - a potion of brilliance {unknown}
 i - a potion of berserk rage {unknown}
 l - a potion of attraction {unknown}
 m - a potion of curing
 r - a potion of magic {unknown}
 v - 2 potions of mutation {unknown}


   Skills:
 + Level 4.6 Fighting
 + Level 2.7 Long Blades
 + Level 6.0 Maces & Flails
 + Level 5.4 Armour
 + Level 1.4 Dodging
 + Level 1.0 Stealth
 + Level 3.2 Shields
 + Level 0.2 Invocations


You had 7 spell levels left.
You didn't know any spells.
Your spell library contained the following spells:

 Spells                   Type           Power      Damage    Failure   Level
 Animate Skeleton         Necr           0%         N/A       100%        1
 Apportation              Tloc           0%         N/A       100%        1
 Summon Small Mammal      Summ           0%         N/A       100%        1


Dungeon Overview and Level Annotations

Branches:
Dungeon (6/15)             Temple (1/1) D:4           Sewer (visited)

Altars:
Ashenzari
Cheibriados
Dithmenos
Elyvilon
Gozag
Hepliaklqana
Kikubaaqudgha
Makhleb
Nemelex Xobeh
Okawaru
Ru
Sif Muna
Uskayaw
Vehumet
Wu Jian
Xom
Yredelemnul
Zin
The Shining One
Lugonu

Shops:
D:3 !

Annotations:
D:6 corrupted


Innate Abilities, Weirdness & Mutations

Your serpentine skin is tough. (AC +2)
You have supernaturally acute eyesight. (SInv)
Armour fits poorly on your strangely shaped body.
Your system is resistant to poisons. (rPois)
You cover ground very slowly.
You can spit poison.
You have a snake-like lower body.


Message History

The vampire refuses to make way for you. (Use ctrl+direction or * direction to attack.)
The small abomination barely misses you.
There are monsters nearby!
Aiming: Spit Poison (1% risk of failure)
Press: ? - help, Shift-Dir - straight line The revenant hits you!
The small abomination barely misses you.
You see here an adder corpse.
You have got your breath back.
A hound comes into view.
The hound barks!
An orc comes into view. It is wielding a +0 club.
The orc shouts!
An orc comes into view.
It is wielding a +0 flail of holy wrath.
The hound bites you. The hound bites you but does no damage.
The nagaraja zombie barely misses you. The nagaraja zombie grabs you.
The nagaraja zombie constricts you. The hound bites you but does no damage.
You escape the nagaraja zombie's grasp.
You block the hound's attack.
The ynoxinul gestures at the hound.
The iron shot hits the hound!!
The hound dies!
The revenant barely misses the orc.
The revenant hits the orc!
The orc dies!
The ynoxinul hits the orc!
The orc dies!
The bone dragon refuses to make way for you. (Use ctrl+direction or * direction to attack.)
The bone dragon refuses to make way for you. (Use ctrl+direction or * direction to attack.)
The bone dragon bites you. The bone dragon claws you!
You block the bone dragon's attack.
You feel better. The bone dragon bites you!
The bone dragon claws you but does no damage.
The bone dragon tramples you!
You stumble backwards!
You block the bone dragon's attack. x2; The bone dragon tramples you!
* * * LOW HITPOINT WARNING * * *
You hold your ground!
You feel better. The bone dragon bites you!!
You die...

#.#...####x###.
#.#.#...x..#.#.
#.#.#.##.#.....
#...#.##.#.....
#.#..#..<#..#..
####..#..#.........
#......z..#...#†#...
#.#........#D.......
#@.####..#..#.Z...
#D.# ...#......#.
##.##.#######..###.##
#...........)4.# ##
#####.########.# #.#
#.# #.# #.# ..# #.#
### ...


You could see a neutral bone dragon (summoned, wandering) and a neutral revenant
(summoned, wandering).

Vanquished Creatures
  Menkaure (D:5)
  A necrophage (D:6)
  An ice beast (D:6)
  2 bullfrogs (Sewer)
  2 scorpions (D:5)
  4 wights (D:6)
  2 hounds
  A centaur skeleton (D:4)
  A gnoll shaman (D:5)
  2 orc priests (D:5)
  A bullfrog skeleton (D:5)
  An iguana (D:5)
  An orc wizard (D:6)
  2 hound zombies
  3 gnolls (D:5)
  10 adders
  3 river rats (D:6)
  2 shadow imps (D:6)
  An ufetubus (D:3)
  An adder skeleton (D:4)
  3 dart slugs
  10 orcs
  10 ball pythons
  12 bats
  3 endoplasms (D:3)
  15 giant cockroaches
  9 goblins
  10 hobgoblins
  7 jackals
  6 quokkas
  8 frilled lizards
  4 kobolds
  6 rats
145 creatures vanquished.

Vanquished Creatures (others)
  A hound (D:6)
  2 orcs (D:6)
  A fungus (D:1)
  4 plants (D:1)
8 creatures vanquished.

Grand Total: 153 creatures vanquished

Notes
Turn   | Place    | Note
-------+----------+-------------------------------------------
     0 | D:1      | cyrus the Naga Fighter began the quest for the Orb.
     0 | D:1      | Reached XP level 1. HP: 21/21 MP: 1/1
   519 | D:1      | Reached XP level 2. HP: 26/28 MP: 2/2
  1151 | D:1      | Reached XP level 3. HP: 33/34 MP: 3/3
  1174 | D:1      | Found a faded altar of an unknown god.
  1204 | D:1      | Prayed at the altar of an unknown god.
  1204 | D:1      | Became a worshipper of Lugonu the Unformed
  1204 | D:1      | Reached * piety under Lugonu
  1204 | D:1      | Reached ** piety under Lugonu
  2146 | D:2      | Reached XP level 4. HP: 42/42 MP: 4/4
  2222 | D:2      | Identified the +8 mace of Zocw {vamp, rN+ MP+9 Int+2}
  2836 | D:3      | Reached skill level 1 in Dodging
  3026 | D:3      | Reached *** piety under Lugonu
  3082 | D:3      | Found Utimp's Distillery.
  3096 | D:3      | Bought a potion of curing for 36 gold pieces
  3109 | D:3      | Found a snail-covered altar of Cheibriados.
  3110 | D:3      | Found an opulent altar of Gozag.
  3740 | D:4      | Reached skill level 1 in Maces & Flails
  3940 | D:4      | Reached XP level 5. HP: 39/49 MP: 5/5
  4197 | D:4      | Reached skill level 2 in Maces & Flails
  4370 | D:4      | Found a staircase to the Ecumenical Temple.
  4376 | Temple   | Entered the Ecumenical Temple
  4854 | D:5      | Entered Level 5 of the Dungeon
  4879 | D:5      | Reached XP level 6. HP: 29/57 MP: 6/6
  5296 | D:5      | Reached skill level 3 in Maces & Flails
  5413 | D:5      | Reached XP level 7. HP: 14/63 MP: 7/7
  6038 | D:5      | Noticed Menkaure
  6048 | D:5      | Killed Menkaure
  6049 | D:5      | Reached skill level 4 in Maces & Flails
  6049 | D:5      | Reached skill level 1 in Stealth
  6258 | D:5      | Found a broken altar of Ashenzari.
  7043 | D:6      | Found a glowing drain.
  7086 | Sewer    | Entered a sewer
  7211 | Sewer    | Reached **** piety under Lugonu
  7257 | Sewer    | Reached skill level 5 in Maces & Flails
  7257 | Sewer    | Reached XP level 8. HP: 48/73 MP: 8/8
  7729 | D:6      | Reached skill level 5 in Armour
  8218 | D:6      | Reached skill level 6 in Maces & Flails
  8228 | D:6      | Corrupted D:6
  8228 | D:6      | Noticed a raiju
  8228 | D:6      | Noticed a vampire
  8228 | D:6      | Noticed a starcursed mass
  8228 | D:6      | Noticed a revenant
  8228 | D:6      | Noticed a worldbinder
  8233 | D:6      | Noticed a ynoxinul
  8249 | D:6      | Noticed a bone dragon
  8265 | D:6      | Slain by a bone dragon

Illustrated notes

Levels and vault maps discovered:
D:1:      nzn_arrival_crosshair, layout_loops_ring,
          shapermc_ecumenical_altar_mp_ritualfount
D:2:      layout_basic
D:3:      kennysheep_six_static_rooms, layout_basic,
          gammafunk_temple_overflow_statue, serial_shops, shop_fountains,
          eino_curves_02, chequers_serial_rivers_micro_c
D:4:      layout_cave_pods, minmay_temple_entry_fiery
D:5:      layout_loops_corners, mainiacjoe_overflow_cross_hatched, uniq_menkaure
D:6:      layout_basic, portal_sewer_entry_c, nicolae_ossuary_entry_catacombs
Temple:   nicolae_temple_elliptical

Skill      XL: |  1  2  3  4  5  6  7  8 |
---------------+-------------------------+-----
Armour         | 3 4 5 |  5.4
Dodging        | 1 |  1.4
Maces & Flails | 1 2 3 5 6 |  6.0
Fighting       | 4 |  4.6
Stealth        | 1 |  1.0
Shields        | 3 |  3.2
Long Blades    | |  2.7
Invocations    | |  0.2

Action                   |  1- 3 |  4- 6 |  7- 9 || total
-------------------------+-------+-------+-------++-------
Melee: Long sword        |   121 |     3 |       ||   124
       Mace              |       |   105 |   177 ||   282
Invok: Bend Space        |     1 |       |       ||     1
       Banish            |       |       |     1 ||     1
       Corrupt           |       |       |     1 ||     1
 Abil: Spit Poison       |       |       |     1 ||     1
  Use: Potion            |       |     1 |     4 ||     5
Armor: Scale mail        |   127 |    26 |       ||   153
       Plate armour      |       |    73 |   147 ||   220
       Robe              |       |     1 |       ||     1
Dodge: Dodged            |    78 |    52 |    40 ||   170
Block: Buckler           |    41 |    34 |    42 ||   117

Table legend: (Time is in decaauts)
 A = Elapsed time spent in this place.
 B = Non-inter-level travel time spent in this place.
 C = Inter-level travel time spent in this place.
 D = Time resting spent in this place.
 E = Time spent auto-exploring this place.
 F = Levels seen in this place.
 G = Mean time per level.
                   A        B        C        D        E       F      G
               +--------+--------+--------+--------+--------+-----+--------+
         Total |  10344 |  10342 |      2 |   1925 |   6012 |   8 | 1293.0 |
       Dungeon |   9177 |   9175 |      2 |   1925 |   5292 |   6 | 1529.5 |
        Temple |    259 |    259 |      0 |      0 |    184 |   1 |  259.0 |
         Sewer |    908 |    908 |      0 |      0 |    535 |   1 |  908.0 |
               +--------+--------+--------+--------+--------+-----+--------+

Top non-repeatable levels by time:
     D:5: 2505 daAuts
     D:1: 1939 daAuts
     D:2: 1534 daAuts
     D:4: 1381 daAuts
     D:3: 1015 daAuts
   Sewer: 908 daAuts
     D:6: 800 daAuts
  Temple: 259 daAuts
